 Dungeon Crawl Stone Soup version 0.26-a0-597-gb535b0901c (webtiles) character file.

Game seed: 14105980169009810469

11 Lanoc the Poker (level 2, -2/24 HPs)
             Began as a Merfolk Fighter on Sept 2, 2020.
             Slain by an orc (3 damage)
             ... on level 3 of the Dungeon.
             The game lasted 00:00:26 (250 turns).

Lanoc the Poker (Merfolk Fighter)                    Turns: 250, Time: 00:00:26

Health: -2/24      AC:  6    Str: 16    XL:     2   Next: 29%
Magic:  2/2        EV:  7    Int:  7    God:
Gold:   21         SH:  9    Dex: 13    Spells: 1/1 levels left

rFire    . . .     SeeInvis .   a - +0 trident
rCold    . . .     Faith    .   c - +0 kite shield
rNeg     . . .     Spirit   .   b - +0 scale mail
rPois    .         Reflect  .   (no helmet)
rElec    .         Harm     .   (no cloak)
rCorr    .                      (no gloves)
MR       .....                  (no boots)
Stlth    ..........             (no amulet)
HPRegen  0.08/turn              (no ring)
MPRegen  0.08/turn              (no ring)

@: no status effects
A: change form in water, swift swim, stealthy swim
a: no special abilities


You were on level 3 of the Dungeon.
You visited 1 branch of the dungeon, and saw 3 of its levels.

You collected 21 gold pieces.

Inventory:

Hand Weapons
 a - a +0 trident (weapon)
Armour
 b - a +0 scale mail (worn)
 c - a +0 kite shield (worn)
Scrolls
 e - a scroll of amnesia {unknown}
 g - 2 scrolls of identify {unknown}
Potions
 d - a potion of might
 f - a potion of stabbing {unknown}
 h - 2 potions of mutation {unknown}


   Skills:
 + Level 3.4 Fighting
 * Level 3.5 Polearms
 + Level 2.2 Armour
 + Level 0.6 Dodging
 + Level 3.0 Shields


You had one spell level left.
You didn't know any spells.
Your spell library was empty.

Dungeon Overview and Level Annotations

Branches:
Dungeon (3/15)

Altars:


Message History

You puncture the rat!
You kill the rat!
The jackal bites you but does no damage.
You block the rat's attack. The rat bites you but does no damage.
You block the jackal's attack.
The jackal bites you but does no damage.
The orc hits you but does no damage. You block the rat's attack.
The orc barely misses you. The rat barely misses you.
You hit the rat but do no damage. The jackal closely misses you.
The rat barely misses you. You block the jackal's attack.
You block the rat's attack. The orc hits you but does no damage.
The rat closely misses you. The orc hits you but does no damage.
The jackal bites you but does no damage.
The rat bites you but does no damage.
The jackal bites you but does no damage.
The rat closely misses you. x2
You closely miss the rat. The jackal barely misses you.
The jackal bites you but does no damage.
The orc hits you.
You die...

.........
........##.#
...........####
.........#.....
.)............#
............#??
.............#.
.....whrh......
.....or@r......
......oor....#.
......rb.....#
.............#
.............#
...........).#
.............#
##............


You could see a worm, 3 orcs, 2 jackals, a bat and 5 rats.

Vanquished Creatures
  A dart slug (D:1)
  A leopard gecko (D:3)
  A giant cockroach (D:1)
  A jackal (D:3)
  A kobold (D:1)
  2 bats
  2 rats
9 creatures vanquished.

Notes
Turn   | Place    | Note
-------+----------+-------------------------------------------
     0 | D:1      | Lanoc the Merfolk Fighter began the quest for the Orb.
     0 | D:1      | Reached XP level 1. HP: 18/18 MP: 1/1
   166 | D:1      | Reached XP level 2. HP: 22/24 MP: 2/2
   247 | D:3      | HP: 1/24 [rat (1)]
   250 | D:3      | Slain by an orc

Illustrated notes

Levels and vault maps discovered:
D:1:      onia_arrival_mini_maze_b, layout_basic
D:2:      layout_basic, lemuel_coloured_pillars_altar, serial_bayou_pond_b
D:3:      layout_rooms, minmay_misc_feat_tiny, interstate_on_off,
          solitary_fountain

Action                   || total
-------------------------++-------
Melee: Trident           ||    32
Armor: Scale mail        ||    48
Dodge: Dodged            ||    30
Block: Kite shield       ||    39

Table legend: (Time is in decaauts)
 A = Elapsed time spent in this place.
 B = Non-inter-level travel time spent in this place.
 C = Inter-level travel time spent in this place.
 D = Time resting spent in this place.
 E = Time spent auto-exploring this place.
 F = Levels seen in this place.
 G = Mean time per level.
                   A        B        C        D        E       F      G
               +--------+--------+--------+--------+--------+-----+--------+
         Total |    257 |    224 |     33 |      0 |    167 |   3 |   85.7 |
       Dungeon |    257 |    224 |     33 |      0 |    167 |   3 |   85.7 |
               +--------+--------+--------+--------+--------+-----+--------+

Top non-repeatable levels by time:
     D:1: 172 daAuts
     D:2: 64 daAuts
     D:3: 20 daAuts
